 Dungeon Crawl Stone Soup version 0.26-a0-638-gcca6ad1b57 (webtiles) character file.

Game seed: 2020296709483987843

25 DogServant the Covered (level 2, 27/27 HPs)
             Began as a Minotaur Fighter on Sept 14, 2020.
             Quit the game on level 1 of the Dungeon.
             The game lasted 00:02:02 (849 turns).

DogServant the Covered (Minotaur Fighter)            Turns: 849, Time: 00:02:03

Health: 27/27      AC:  7    Str: 20    XL:     2   Next: 82%
Magic:  1/1        EV:  7    Int:  5    God:
Gold:   66         SH:  9    Dex:  9    Spells: 1/1 levels left

rFire    . . .     SeeInvis .   a - +0 flail
rCold    . . .     Faith    .   c - +0 kite shield
rNeg     . . .     Spirit   .   b - +0 scale mail
rPois    .         Reflect  .   (helmet restricted)
rElec    .         Harm     .   (no cloak)
rCorr    .         Rampage  .   (no gloves)
MR       .....                  (no boots)
Stlth    ..........             (no amulet)
HPRegen  0.09/turn              (no ring)
MPRegen  0.07/turn              (no ring)

@: no status effects
A: retaliatory headbutt, horns 2
a: no special abilities


You were on level 1 of the Dungeon.
You visited 1 branch of the dungeon, and saw 1 of its levels.

You collected 66 gold pieces.

Inventory:

Hand Weapons
 a - a +0 flail (weapon)
Armour
 b - a +0 scale mail (worn)
 c - a +0 kite shield (worn)
Scrolls
 e - 4 scrolls of identify {unknown}
 f - 3 scrolls of remove curse {unknown}
 g - a scroll of noise {unknown}
 i - a scroll of random uselessness {unknown}
Potions
 d - 2 potions of might
 h - a potion of heal wounds {unknown}


   Skills:
 + Level 4.0 Fighting
 + Level 2.6 Maces & Flails
 + Level 4.1 Armour
 + Level 0.8 Dodging
 + Level 3.9 Shields


You had one spell level left.
You didn't know any spells.
Your spell library was empty.

Dungeon Overview and Level Annotations

Branches:
Dungeon (1/15)

Altars:


Innate Abilities, Weirdness & Mutations

You reflexively headbutt those who attack you in melee.
You have a pair of horns on your head.


Message History

You see here a ball python corpse.
You see here a ball python corpse.
There is a large open door here.
A rat comes into view.
A rat is nearby!
A rat is nearby!
A rat is nearby!
You hit the rat.
You kill the rat!
No target in view!
No target in view!
Key pressed, stopping explore.
Found an escape hatch in the floor.
e - 4 scrolls labeled MYVIAPE QYINTU (gained 1)
f - 3 scrolls labeled OJIWOFOGIPNO (gained 1)
You see here 9 poisoned darts.
You open the door.
A rat comes into view.
Unknown command.
Are you sure you want to abandon this character and quit the game? (Confirm with "yes".)

....# #..'.#.'..# ###.#
#..#####..#
###.###########..'.#.'..#
.................#####†.#####
###.###......(#..+ #.†......#
###.###.....(.#..# ###.####)#
..........(....(.+ #.†.#
#.#..........(##.#####.#
#.#.#.###.......@r.#.†.#
#.#...# #........#####.#
.#.##.###.######.......#
###.##...## ###.#####
.#.####.## #.# #.## #.#
####.# ### #.# #....#
#######.# #.##.# ........#
#.##...


You could see a rat.

Vanquished Creatures
  2 dart slugs (D:1)
  2 leopard geckos (D:1)
  A ball python (D:1)
  A giant cockroach (D:1)
  4 goblins (D:1)
  A hobgoblin (D:1)
  A bat (D:1)
  A kobold (D:1)
  6 rats (D:1)
19 creatures vanquished.

Notes
Turn   | Place    | Note
-------+----------+-------------------------------------------
     0 | D:1      | DogServant the Minotaur Fighter began the quest for the
                  | Orb.
     0 | D:1      | Reached XP level 1. HP: 19/19 MP: 0/0
   100 | D:1      | Reached XP level 2. HP: 12/27 MP: 1/1
   849 | D:1      | Quit the game

Illustrated notes

Levels and vault maps discovered:
D:1:      psy_arrival_whirlpool, layout_loops_ring, wad_woods_river_04,
          minmay_rat_gold_closets

Skill      XL: |  1  2 |
---------------+-------+-----
Armour         | 4 |  4.1
Fighting       | 4 |  4.0
Maces & Flails | |  2.6
Dodging        | |  0.8
Shields        | |  3.9

Action                   || total
-------------------------++-------
Melee: Flail             ||    54
       Headbutt          ||     3
Armor: Scale mail        ||    16
Dodge: Dodged            ||    22
Block: Kite shield       ||    41

Table legend: (Time is in decaauts)
 A = Elapsed time spent in this place.
 B = Non-inter-level travel time spent in this place.
 C = Inter-level travel time spent in this place.
 D = Time resting spent in this place.
 E = Time spent auto-exploring this place.
 F = Levels seen in this place.
 G = Mean time per level.
                   A        B        C        D        E       F      G
               +--------+--------+--------+--------+--------+-----+--------+
         Total |    876 |    876 |      0 |    171 |    558 |   1 |  876.0 |
       Dungeon |    876 |    876 |      0 |    171 |    558 |   1 |  876.0 |
               +--------+--------+--------+--------+--------+-----+--------+

Top non-repeatable levels by time:
     D:1: 876 daAuts
